[ AOE2 MATCH · #463718929 ]
UnrankedMagyars vs Maya
[ REPLAY ANALYSIS · EXTRACTED FROM THE RECORDED GAME ]
Feudal
9:13
Castle
25:00
Imperial
—
| APM avg | 86.0 |
| APM peak | 125 |
| eAPM avg | 30.1 |
| Villagers / military | 81 / 100 |
Focus
⚔️ 61.1% · 🌾 38.9%
Knight ×63 · Scout Cavalry ×35 · Spearman ×2
Feudal
8:32
Castle
24:21
Imperial
—
| APM avg | 93.2 |
| APM peak | 142 |
| eAPM avg | 36.9 |
| Villagers / military | 89 / 90 |
Focus
⚔️ 52.1% · 🌾 47.9%
Archer ×86 · Mangonel ×4
Feudal
11:57
Castle
21:48
Imperial
—
| APM avg | 56.1 |
| APM peak | 101 |
| eAPM avg | 27.1 |
| Villagers / military | 51 / 20 |
Focus
⚔️ 34.5% · 🌾 65.5%
Archer ×20
Feudal
8:54
Castle
20:19
Imperial
32:35
| APM avg | 62.4 |
| APM peak | 103 |
| eAPM avg | 24.0 |
| Villagers / military | 97 / 124 |
Focus
⚔️ 46.2% · 🌾 53.8%
Archer ×122 · Monk ×2
Feudal
16:11
Castle
20:25
Imperial
—
| APM avg | 54.5 |
| APM peak | 96 |
| eAPM avg | 26.6 |
| Villagers / military | 110 / 26 |
Focus
⚔️ 29.0% · 🌾 71.0%
Mangonel ×11 · Scorpion ×10 · Monk ×5
Feudal
8:14
Castle
24:55
Imperial
—
| APM avg | 67.7 |
| APM peak | 106 |
| eAPM avg | 20.7 |
| Villagers / military | 109 / 114 |
Focus
⚔️ 36.9% · 🌾 63.1%
Scout Cavalry ×70 · Knight ×39 · Battle Elephant ×5
Match map
Initial resources + every placement click. Lines = walls · curves = elevation contours. ◆ gold · ⬟ stone · ● berries · ✦ relic · ◌ wall gap
Your base· Open — unwalled flank
ELEOS | ElNoniro's base· Open — 2t gap
ELEOS | Danielsiii's base· Open — unwalled flank
[R1] Pume's base· Open — 5t gap
m0re's base· Open — unwalled flank
Moneimon's base· Open — unwalled flank
Smoothed initial terrain · ◌ = detected wall gap · hover for details
Inputs per minute
— ELEOS | Xarkey - - ELEOS | ElNoniro
Build order — ELEOS | Xarkey
First 150 of 268 actions detected
| 0:01 | Create | Villager (Male) ×4 |
| 0:01 | Create | Villager (Male) ×4 |
| 0:02 | Build | House |
| 0:04 | Build | House |
| 1:24 | Create | Villager (Male) |
| 1:24 | Create | Villager (Male) |
| 1:42 | Create | Villager (Male) |
| 2:00 | Create | Villager (Male) |
| 2:29 | Create | Villager (Male) |
| 3:35 | Build | House |
| 3:42 | Create | Villager (Male) |
| 3:42 | Create | Villager (Male) |
| 3:43 | Create | Villager (Male) |
| 3:44 | Create | Villager (Male) |
| 4:06 | Create | Villager (Male) |
| 4:06 | Create | Villager (Male) |
| 4:07 | Create | Villager (Male) |
| 4:19 | Create | Villager (Male) |
| 4:20 | Create | Villager (Male) |
| 4:22 | Build | House |
| 4:41 | Build | Lumber Camp |
| 4:42 | Create | Villager (Male) |
| 6:15 | Build | Mill |
| 6:38 | Research | Loom |
| 6:53 | Research | Feudal Age |
| 8:07 | Build | Barracks |
| 8:25 | Build | Palisade Wall |
| 8:26 | Build | Palisade Wall |
| 8:28 | Build | Palisade Wall |
| 8:48 | Build | Palisade Wall |
| 9:13 | Age | Feudal Age |
| 9:16 | Build | Stable |
| 9:16 | Create | Villager (Male) |
| 9:17 | Create | Villager (Male) |
| 9:28 | Build | House |
| 9:42 | Create | Villager (Male) |
| 9:44 | Create | Spearman |
| 9:57 | Create | Scout Cavalry |
| 9:57 | Create | Scout Cavalry |
| 10:00 | Build | House |
| 10:05 | Create | Spearman |
| 10:07 | Create | Villager (Male) |
| 10:19 | Create | Villager (Male) |
| 10:22 | Build | House |
| 10:27 | Create | Scout Cavalry |
| 10:29 | Create | Villager (Male) |
| 11:17 | Create | Villager (Male) |
| 11:18 | Create | Scout Cavalry |
| 11:21 | Create | Villager (Male) |
| 11:23 | Build | Farm |
| 11:23 | Build | Farm |
| 11:26 | Build | Farm |
| 11:38 | Create | Villager (Male) |
| 11:39 | Build | Farm |
| 11:43 | Create | Scout Cavalry |
| 12:00 | Build | House |
| 12:17 | Create | Scout Cavalry |
| 12:18 | Create | Villager (Male) |
| 12:21 | Build | Blacksmith |
| 12:28 | Create | Scout Cavalry |
| 12:40 | Build | Farm |
| 12:54 | Create | Villager (Male) |
| 12:56 | Build | Farm |
| 13:06 | Build | Farm |
| 13:12 | Create | Scout Cavalry |
| 13:16 | Build | House |
| 13:24 | Build | Farm |
| 13:47 | Build | Farm |
| 13:48 | Create | Villager (Male) |
| 13:50 | Create | Scout Cavalry |
| 14:02 | Build | Farm |
| 14:04 | Build | Farm |
| 14:19 | Create | Villager (Male) |
| 14:21 | Create | Scout Cavalry |
| 14:24 | Build | Farm |
| 14:27 | Build | House |
| 14:52 | Create | Villager (Male) |
| 14:53 | Create | Scout Cavalry |
| 14:56 | Build | Farm |
| 15:04 | Build | Farm |
| 15:05 | Build | Farm |
| 15:20 | Create | Villager (Male) |
| 15:21 | Create | Scout Cavalry |
| 15:25 | Build | House |
| 15:29 | Build | Farm |
| 15:40 | Create | Villager (Male) |
| 15:42 | Build | Farm |
| 16:01 | Build | Farm |
| 16:32 | Create | Scout Cavalry |
| 16:33 | Create | Scout Cavalry |
| 16:34 | Create | Villager (Male) |
| 16:41 | Build | Mining Camp |
| 16:45 | Research | Scale Barding Armor |
| 16:55 | Create | Scout Cavalry |
| 16:56 | Create | Villager (Male) |
| 17:00 | Build | House |
| 17:02 | Build | Palisade Wall |
| 17:09 | Create | Villager (Male) |
| 17:45 | Create | Villager (Male) |
| 17:46 | Create | Scout Cavalry |
| 17:47 | Build | Stable |
| 18:05 | Create | Villager (Male) |
| 18:09 | Research | Bloodlines |
| 18:10 | Create | Scout Cavalry |
| 18:24 | Create | Villager (Male) |
| 18:26 | Build | Farm |
| 18:40 | Create | Scout Cavalry |
| 18:40 | Create | Scout Cavalry |
| 18:43 | Create | Scout Cavalry |
| 18:43 | Create | Scout Cavalry |
| 18:45 | Create | Villager (Male) |
| 18:49 | Build | House |
| 18:52 | Build | Farm |
| 18:55 | Create | Villager (Male) |
| 18:57 | Build | Farm |
| 19:11 | Research | Double-Bit Axe |
| 19:11 | Research | Double-Bit Axe |
| 19:28 | Create | Scout Cavalry |
| 19:28 | Create | Scout Cavalry |
| 19:30 | Build | House |
| 19:50 | Create | Villager (Male) |
| 19:51 | Create | Scout Cavalry |
| 19:56 | Build | Farm |
| 19:57 | Build | Farm |
| 20:13 | Create | Scout Cavalry |
| 20:14 | Build | House |
| 20:15 | Create | Villager (Male) |
| 20:17 | Build | Farm |
| 20:41 | Create | Villager (Male) |
| 20:46 | Build | Farm |
| 20:48 | Create | Villager (Male) |
| 20:56 | Build | Lumber Camp |
| 21:03 | Build | House |
| 21:34 | Create | Villager (Male) |
| 22:15 | Build | House |
| 22:20 | Research | Castle Age |
| 22:20 | Research | Castle Age |
| 22:36 | Research | Horse Collar |
| 22:42 | Build | Farm |
| 22:44 | Build | Farm |
| 22:45 | Create | Scout Cavalry |
| 22:50 | Build | House |
| 22:58 | Create | Scout Cavalry |
| 23:06 | Build | Stable |
| 23:08 | Create | Scout Cavalry |
| 23:25 | Create | Scout Cavalry |
| 23:25 | Create | Scout Cavalry |
| 23:38 | Create | Scout Cavalry |
| 23:40 | Build | House |
| 23:52 | Create | Villager (Male) |
Build order — ELEOS | ElNoniro
First 150 of 295 actions detected
| 0:00 | Create | Villager (Male) |
| 0:00 | Create | Villager (Male) |
| 0:00 | Create | Villager (Male) |
| 0:01 | Build | House |
| 0:03 | Build | House |
| 0:04 | Create | Villager (Male) |
| 1:28 | Build | Lumber Camp |
| 1:42 | Create | Villager (Male) |
| 1:44 | Create | Villager (Male) |
| 1:45 | Create | Villager (Male) |
| 2:32 | Create | Villager (Male) |
| 2:32 | Create | Villager (Male) |
| 2:53 | Build | House |
| 3:08 | Create | Villager (Male) |
| 3:39 | Create | Villager (Male) |
| 3:50 | Research | Loom |
| 4:04 | Create | Villager (Male) |
| 5:04 | Create | Villager (Male) |
| 5:04 | Create | Villager (Male) |
| 5:26 | Build | Mining Camp |
| 5:47 | Create | Villager (Male) |
| 6:22 | Research | Feudal Age |
| 6:22 | Research | Feudal Age |
| 6:22 | Research | Feudal Age |
| 6:22 | Research | Feudal Age |
| 6:22 | Research | Feudal Age |
| 6:22 | Research | Feudal Age |
| 7:49 | Build | Barracks |
| 8:28 | Create | Villager (Male) |
| 8:32 | Age | Feudal Age |
| 8:32 | Build | Mill |
| 8:37 | Build | Archery Range |
| 8:38 | Create | Villager (Male) |
| 8:58 | Create | Villager (Male) |
| 9:10 | Create | Villager (Male) |
| 9:25 | Build | House |
| 9:33 | Create | Archer |
| 9:41 | Build | Archery Range |
| 9:55 | Create | Villager (Male) |
| 10:04 | Create | Archer |
| 10:23 | Build | House |
| 10:25 | Build | Palisade Wall |
| 10:25 | Build | Palisade Wall |
| 10:30 | Create | Archer |
| 10:35 | Create | Archer |
| 10:36 | Create | Villager (Male) |
| 10:48 | Build | Blacksmith |
| 11:06 | Create | Archer |
| 11:08 | Create | Villager (Male) |
| 11:21 | Build | House |
| 11:22 | Build | Palisade Wall |
| 11:29 | Create | Archer |
| 11:33 | Create | Villager (Male) |
| 11:38 | Build | House |
| 11:49 | Research | Fletching |
| 11:49 | Research | Fletching |
| 11:49 | Research | Fletching |
| 11:49 | Research | Fletching |
| 11:57 | Create | Villager (Male) |
| 11:58 | Build | Farm |
| 12:01 | Build | Farm |
| 12:15 | Create | Archer |
| 12:34 | Create | Archer |
| 12:38 | Create | Villager (Male) |
| 12:41 | Build | Farm |
| 13:02 | Create | Archer |
| 13:11 | Create | Villager (Male) |
| 13:18 | Create | Archer |
| 13:28 | Create | Villager (Male) |
| 13:54 | Create | Archer |
| 13:55 | Create | Villager (Male) |
| 13:57 | Build | Farm |
| 14:03 | Create | Archer |
| 14:03 | Create | Villager (Male) |
| 14:03 | Create | Villager (Male) |
| 14:22 | Create | Villager (Male) |
| 14:23 | Create | Villager (Male) |
| 14:30 | Create | Archer |
| 14:33 | Build | Farm |
| 14:33 | Build | House |
| 14:38 | Create | Villager (Male) |
| 14:54 | Create | Archer |
| 14:57 | Build | House |
| 15:16 | Create | Archer |
| 15:16 | Create | Archer |
| 15:20 | Create | Villager (Male) |
| 15:21 | Build | Farm |
| 15:31 | Create | Villager (Male) |
| 15:41 | Build | Archery Range |
| 16:06 | Create | Archer |
| 16:06 | Create | Archer |
| 16:31 | Create | Villager (Male) |
| 16:31 | Create | Villager (Male) |
| 16:39 | Create | Villager (Male) |
| 16:56 | Create | Archer |
| 16:56 | Create | Archer |
| 16:58 | Create | Archer |
| 17:03 | Build | Farm |
| 17:10 | Create | Archer |
| 17:11 | Create | Villager (Male) |
| 17:13 | Create | Villager (Male) |
| 17:18 | Build | House |
| 17:22 | Research | Padded Archer Armor |
| 17:22 | Research | Padded Archer Armor |
| 17:25 | Create | Archer |
| 17:41 | Create | Archer |
| 17:41 | Create | Villager (Male) |
| 17:47 | Create | Archer |
| 17:50 | Build | House |
| 17:52 | Build | House |
| 17:53 | Build | Palisade Wall |
| 17:55 | Build | Palisade Wall |
| 18:01 | Create | Villager (Male) |
| 18:17 | Create | Archer |
| 18:19 | Create | Villager (Male) |
| 18:54 | Build | Lumber Camp |
| 18:54 | Create | Villager (Male) |
| 18:58 | Create | Archer |
| 19:20 | Create | Villager (Male) |
| 19:24 | Create | Archer |
| 19:24 | Create | Archer |
| 19:33 | Build | Farm |
| 19:44 | Create | Archer |
| 19:44 | Create | Archer |
| 19:48 | Create | Archer |
| 19:55 | Create | Archer |
| 19:55 | Create | Villager (Male) |
| 20:03 | Create | Villager (Male) |
| 20:06 | Create | Archer |
| 20:06 | Create | Villager (Male) |
| 20:07 | Build | Farm |
| 20:18 | Build | Farm |
| 20:22 | Create | Archer |
| 20:22 | Create | Villager (Male) |
| 20:53 | Build | Market |
| 21:41 | Research | Castle Age |
| 21:41 | Research | Castle Age |
| 21:41 | Research | Castle Age |
| 21:41 | Research | Castle Age |
| 21:41 | Research | Castle Age |
| 21:41 | Research | Castle Age |
| 21:46 | Create | Archer |
| 21:52 | Create | Villager (Male) |
| 21:53 | Build | Farm |
| 21:55 | Build | Mining Camp |
| 22:13 | Create | Archer |
| 22:15 | Build | House |
| 22:18 | Build | House |
| 22:28 | Build | House |
| 22:33 | Create | Villager (Male) |
Build order — ELEOS | Danielsiii
First 150 of 159 actions detected
| 0:00 | Create | Villager (Male) |
| 0:00 | Create | Villager (Male) |
| 0:00 | Create | Villager (Male) |
| 0:02 | Build | House |
| 0:03 | Build | House |
| 0:32 | Create | Villager (Male) |
| 1:42 | Create | Villager (Male) |
| 1:53 | Create | Villager (Male) |
| 2:06 | Build | Lumber Camp |
| 2:16 | Create | Villager (Male) |
| 2:41 | Research | Loom |
| 2:42 | Create | Villager (Male) |
| 3:29 | Build | Palisade Wall |
| 3:39 | Build | House |
| 3:44 | Create | Villager (Male) |
| 3:44 | Create | Villager (Male) |
| 4:39 | Create | Villager (Male) |
| 4:55 | Build | Palisade Wall |
| 4:56 | Build | Palisade Wall |
| 4:57 | Build | Palisade Wall |
| 4:57 | Build | Palisade Wall |
| 4:58 | Build | Palisade Wall |
| 4:58 | Build | Palisade Wall |
| 5:25 | Create | Villager (Male) |
| 5:32 | Build | House |
| 5:52 | Create | Villager (Male) |
| 6:03 | Create | Villager (Male) |
| 6:38 | Create | Villager (Male) |
| 6:49 | Create | Villager (Male) |
| 7:31 | Create | Villager (Male) |
| 8:06 | Build | House |
| 8:14 | Create | Villager (Male) |
| 8:23 | Build | House |
| 8:25 | Build | Palisade Wall |
| 8:46 | Create | Villager (Male) |
| 9:11 | Create | Villager (Male) |
| 9:17 | Build | Mining Camp |
| 9:47 | Research | Feudal Age |
| 10:23 | Build | Palisade Wall |
| 10:37 | Build | Palisade Wall |
| 10:43 | Build | Palisade Wall |
| 10:49 | Build | House |
| 11:02 | Build | Palisade Wall |
| 11:11 | Create | Villager (Male) |
| 11:12 | Create | Villager (Male) |
| 11:25 | Build | Barracks |
| 11:57 | Age | Feudal Age |
| 12:04 | Build | Archery Range |
| 12:35 | Create | Villager (Male) |
| 12:57 | Build | Mill |
| 13:07 | Create | Villager (Male) |
| 13:08 | Create | Archer |
| 13:09 | Create | Archer |
| 13:26 | Create | Archer |
| 13:35 | Build | Market |
| 13:51 | Build | Market |
| 13:53 | Create | Villager (Male) |
| 13:57 | Create | Archer |
| 14:04 | Build | Blacksmith |
| 14:10 | Create | Villager (Male) |
| 14:15 | Create | Archer |
| 14:37 | Create | Villager (Male) |
| 14:47 | Research | Double-Bit Axe |
| 14:59 | Create | Archer |
| 15:13 | Create | Villager (Male) |
| 15:14 | Create | Villager (Male) |
| 15:20 | Build | Mining Camp |
| 15:31 | Create | Villager (Male) |
| 15:36 | Build | House |
| 15:37 | Build | House |
| 15:45 | Build | Palisade Wall |
| 15:50 | Build | Palisade Wall |
| 15:51 | Build | Palisade Wall |
| 15:53 | Create | Villager (Male) |
| 15:59 | Create | Villager (Male) |
| 15:59 | Create | Archer |
| 16:00 | Create | Villager (Male) |
| 16:15 | Create | Villager (Male) |
| 16:22 | Build | House |
| 16:24 | Build | House |
| 16:25 | Build | House |
| 16:26 | Build | House |
| 16:30 | Create | Villager (Male) |
| 16:34 | Build | House |
| 16:38 | Build | Palisade Gate |
| 16:47 | Create | Archer |
| 17:24 | Build | Mining Camp |
| 18:15 | Build | House |
| 18:29 | Create | Villager (Male) |
| 18:32 | Create | Archer |
| 18:34 | Build | House |
| 19:08 | Research | Castle Age |
| 19:08 | Research | Castle Age |
| 19:37 | Build | Watch Tower |
| 19:45 | Build | House |
| 19:54 | Create | Archer |
| 20:20 | Build | Farm |
| 20:21 | Build | Farm |
| 20:24 | Build | Farm |
| 20:25 | Build | Farm |
| 20:38 | Create | Villager (Male) |
| 20:39 | Create | Archer |
| 20:47 | Research | Fletching |
| 20:48 | Research | Padded Archer Armor |
| 21:34 | Build | Watch Tower |
| 21:48 | Age | Castle Age |
| 21:50 | Research | Crossbowman (upgrade) |
| 21:53 | Build | House |
| 22:08 | Build | House |
| 22:10 | Build | Palisade Wall |
| 22:18 | Research | Bodkin Arrow |
| 22:25 | Create | Villager (Male) |
| 22:32 | Create | Archer |
| 22:32 | Create | Archer |
| 22:58 | Build | Archery Range |
| 23:03 | Build | House |
| 23:07 | Build | House |
| 23:23 | Create | Villager (Male) |
| 23:27 | Build | Watch Tower |
| 24:24 | Build | University |
| 24:40 | Build | Watch Tower |
| 24:49 | Create | Archer |
| 24:49 | Create | Archer |
| 25:24 | Research | Guard Tower (upgrade) |
| 26:13 | Build | Lumber Camp |
| 26:39 | Create | Archer |
| 26:59 | Build | Stone Wall |
| 27:13 | Build | Stone Wall |
| 27:38 | Create | Archer |
| 27:39 | Create | Archer |
| 28:04 | Build | Town Center |
| 28:54 | Create | Archer |
| 28:54 | Create | Archer |
| 29:24 | Create | Villager (Male) |
| 29:24 | Create | Villager (Male) |
| 29:34 | Build | House |
| 29:46 | Build | Palisade Wall |
| 29:47 | Create | Villager (Male) |
| 29:53 | Create | Villager (Male) |
| 30:29 | Build | Watch Tower |
| 30:41 | Build | Watch Tower |
| 30:48 | Build | Stone Wall |
| 32:00 | Build | Farm |
| 32:01 | Build | Farm |
| 32:03 | Build | Farm |
| 32:05 | Build | Farm |
| 32:05 | Build | Farm |
| 32:08 | Build | Farm |
| 32:32 | Build | Market |
| 32:38 | Build | Mining Camp |
Build order — [R1] Pume
First 150 of 335 actions detected
| 0:00 | Create | Villager (Male) |
| 0:01 | Create | Villager (Male) |
| 0:03 | Research | Loom |
| 0:04 | Build | House |
| 0:06 | Build | House |
| 0:09 | Create | Villager (Male) |
| 0:10 | Create | Villager (Male) |
| 0:11 | Create | Villager (Male) |
| 1:27 | Create | Villager (Male) |
| 2:00 | Create | Villager (Male) |
| 2:09 | Create | Villager (Male) |
| 2:46 | Build | Lumber Camp |
| 2:47 | Create | Villager (Male) |
| 3:05 | Build | House |
| 3:20 | Create | Villager (Male) |
| 3:23 | Create | Villager (Male) |
| 3:51 | Create | Villager (Male) |
| 4:24 | Create | Villager (Male) |
| 4:26 | Create | Villager (Male) |
| 4:35 | Create | Villager (Male) |
| 4:38 | Create | Villager (Male) |
| 5:42 | Build | House |
| 5:53 | Create | Villager (Male) |
| 5:58 | Create | Villager (Male) |
| 6:06 | Build | Mining Camp |
| 6:44 | Research | Feudal Age |
| 7:00 | Build | Lumber Camp |
| 7:08 | Create | Villager (Male) |
| 8:14 | Build | Barracks |
| 8:29 | Create | Villager (Male) |
| 8:54 | Age | Feudal Age |
| 9:06 | Build | Archery Range |
| 9:13 | Build | Archery Range |
| 9:16 | Create | Villager (Male) |
| 9:30 | Create | Villager (Male) |
| 9:39 | Build | House |
| 9:57 | Build | House |
| 9:58 | Build | House |
| 10:06 | Create | Archer |
| 10:09 | Create | Archer |
| 10:11 | Create | Villager (Male) |
| 10:16 | Create | Archer |
| 10:21 | Build | Blacksmith |
| 10:26 | Create | Archer |
| 10:39 | Create | Villager (Male) |
| 10:49 | Create | Archer |
| 10:55 | Build | House |
| 10:59 | Build | House |
| 11:12 | Build | Mill |
| 11:14 | Create | Archer |
| 11:14 | Create | Archer |
| 11:23 | Create | Villager (Male) |
| 11:46 | Create | Villager (Male) |
| 11:48 | Create | Archer |
| 11:48 | Create | Archer |
| 11:57 | Build | Palisade Wall |
| 12:00 | Create | Archer |
| 12:28 | Research | Fletching |
| 12:48 | Create | Archer |
| 12:55 | Create | Villager (Male) |
| 13:00 | Create | Archer |
| 13:01 | Create | Villager (Male) |
| 13:18 | Create | Archer |
| 13:21 | Build | Farm |
| 13:22 | Build | Farm |
| 13:27 | Build | Farm |
| 13:30 | Create | Archer |
| 13:44 | Create | Archer |
| 13:44 | Create | Villager (Male) |
| 13:49 | Create | Villager (Male) |
| 13:54 | Build | Farm |
| 14:21 | Create | Archer |
| 14:21 | Create | Archer |
| 14:29 | Create | Villager (Male) |
| 14:30 | Create | Villager (Male) |
| 14:31 | Create | Villager (Male) |
| 14:33 | Build | House |
| 14:33 | Build | House |
| 14:54 | Create | Archer |
| 14:55 | Create | Archer |
| 14:56 | Create | Villager (Male) |
| 15:00 | Create | Villager (Male) |
| 15:14 | Create | Archer |
| 15:23 | Create | Villager (Male) |
| 15:25 | Create | Villager (Male) |
| 15:42 | Create | Archer |
| 15:45 | Create | Villager (Male) |
| 15:51 | Create | Archer |
| 15:52 | Create | Villager (Male) |
| 15:57 | Build | Market |
| 16:01 | Create | Archer |
| 16:03 | Research | Padded Archer Armor |
| 16:07 | Create | Villager (Male) |
| 16:08 | Create | Villager (Male) |
| 16:24 | Create | Villager (Male) |
| 16:44 | Create | Villager (Male) |
| 16:54 | Create | Villager (Male) |
| 17:13 | Build | House |
| 17:14 | Build | House |
| 17:37 | Build | Palisade Wall |
| 17:39 | Research | Castle Age |
| 17:40 | Create | Archer |
| 17:56 | Create | Archer |
| 17:56 | Create | Archer |
| 17:58 | Build | House |
| 18:03 | Build | Palisade Wall |
| 18:10 | Create | Archer |
| 18:19 | Build | House |
| 18:19 | Build | Palisade Wall |
| 18:26 | Research | Double-Bit Axe |
| 18:42 | Create | Archer |
| 18:52 | Create | Archer |
| 19:08 | Research | Gold Mining |
| 19:27 | Create | Archer |
| 19:28 | Create | Archer |
| 19:29 | Create | Villager (Male) |
| 19:35 | Build | Mining Camp |
| 19:39 | Create | Archer |
| 19:40 | Create | Archer |
| 19:41 | Create | Villager (Male) |
| 20:19 | Age | Castle Age |
| 20:23 | Research | Crossbowman (upgrade) |
| 20:30 | Research | Bodkin Arrow |
| 20:34 | Build | University |
| 20:38 | Create | Archer |
| 20:38 | Create | Archer |
| 20:51 | Create | Archer |
| 20:54 | Build | Farm |
| 21:03 | Create | Villager (Male) |
| 21:03 | Create | Archer |
| 21:04 | Create | Archer |
| 21:07 | Create | Archer |
| 21:07 | Create | Archer |
| 21:07 | Create | Archer |
| 21:22 | Create | Archer |
| 21:33 | Create | Villager (Male) |
| 21:35 | Build | Farm |
| 21:48 | Build | Farm |
| 21:53 | Research | Ballistics |
| 22:07 | Create | Villager (Male) |
| 22:13 | Build | Farm |
| 22:24 | Create | Archer |
| 22:24 | Create | Archer |
| 22:24 | Create | Archer |
| 22:30 | Create | Villager (Male) |
| 22:34 | Build | Farm |
| 22:41 | Research | Bow Saw |
| 22:54 | Create | Archer |
| 22:54 | Create | Archer |
| 23:00 | Build | House |
Build order — m0re
First 150 of 275 actions detected
| 0:00 | Create | Villager (Male) |
| 0:00 | Create | Villager (Male) |
| 0:01 | Build | House |
| 0:03 | Build | House |
| 0:05 | Create | Villager (Male) |
| 0:18 | Create | Villager (Male) |
| 0:22 | Research | Loom |
| 0:29 | Create | Villager (Male) |
| 0:33 | Create | Villager (Male) |
| 1:47 | Create | Villager (Male) |
| 2:02 | Build | Palisade Wall |
| 2:03 | Build | Palisade Wall |
| 2:04 | Build | Palisade Wall |
| 2:05 | Build | Palisade Wall |
| 2:33 | Create | Villager (Male) |
| 2:48 | Create | Villager (Male) |
| 3:07 | Build | Palisade Wall |
| 3:08 | Build | Palisade Wall |
| 3:08 | Build | Palisade Wall |
| 3:09 | Build | Palisade Wall |
| 3:21 | Create | Villager (Male) |
| 3:21 | Create | Villager (Male) |
| 3:37 | Create | Villager (Male) |
| 3:46 | Build | Palisade Wall |
| 3:47 | Build | Palisade Wall |
| 4:12 | Create | Villager (Male) |
| 4:38 | Create | Villager (Male) |
| 4:51 | Build | Lumber Camp |
| 4:57 | Create | Villager (Male) |
| 5:09 | Build | Palisade Wall |
| 5:10 | Build | Palisade Wall |
| 5:18 | Build | House |
| 5:27 | Create | Villager (Male) |
| 6:28 | Build | Palisade Wall |
| 6:31 | Create | Villager (Male) |
| 6:32 | Create | Villager (Male) |
| 6:32 | Create | Villager (Male) |
| 6:35 | Build | House |
| 7:15 | Build | Palisade Wall |
| 7:22 | Build | Palisade Wall |
| 7:23 | Build | Palisade Wall |
| 7:26 | Build | Palisade Wall |
| 7:34 | Create | Villager (Male) |
| 7:34 | Create | Villager (Male) |
| 7:37 | Create | Villager (Male) |
| 7:38 | Build | House |
| 8:18 | Create | Villager (Male) |
| 8:18 | Create | Villager (Male) |
| 8:54 | Create | Villager (Male) |
| 8:54 | Create | Villager (Male) |
| 9:08 | Create | Villager (Male) |
| 9:15 | Build | Palisade Wall |
| 9:35 | Build | Palisade Wall |
| 9:44 | Create | Villager (Male) |
| 9:45 | Build | Mill |
| 9:52 | Build | Palisade Wall |
| 9:53 | Build | Palisade Wall |
| 9:55 | Create | Villager (Male) |
| 10:28 | Build | Farm |
| 10:34 | Create | Villager (Male) |
| 10:59 | Build | Palisade Wall |
| 11:00 | Build | Palisade Wall |
| 11:04 | Build | Palisade Wall |
| 11:05 | Build | Palisade Wall |
| 11:05 | Build | Palisade Wall |
| 11:13 | Build | Palisade Wall |
| 11:15 | Build | Palisade Wall |
| 11:20 | Create | Villager (Male) |
| 11:23 | Build | Palisade Wall |
| 11:23 | Build | Palisade Wall |
| 11:24 | Build | Palisade Wall |
| 11:24 | Build | Palisade Wall |
| 11:30 | Create | Villager (Male) |
| 11:31 | Create | Villager (Male) |
| 11:33 | Build | Farm |
| 11:41 | Create | Villager (Male) |
| 11:49 | Build | Farm |
| 12:05 | Build | Farm |
| 12:12 | Build | Palisade Wall |
| 12:13 | Build | Palisade Wall |
| 12:13 | Build | Palisade Wall |
| 12:14 | Build | Palisade Wall |
| 12:14 | Build | Palisade Wall |
| 12:16 | Create | Villager (Male) |
| 12:23 | Create | Villager (Male) |
| 12:29 | Create | Villager (Male) |
| 12:36 | Build | Farm |
| 12:43 | Build | House |
| 13:07 | Build | Farm |
| 13:11 | Build | Palisade Wall |
| 13:12 | Create | Villager (Male) |
| 13:31 | Create | Villager (Male) |
| 13:52 | Create | Villager (Male) |
| 13:57 | Build | Farm |
| 14:01 | Research | Feudal Age |
| 14:21 | Build | Mining Camp |
| 14:41 | Build | House |
| 14:54 | Build | House |
| 14:57 | Create | Villager (Male) |
| 15:44 | Build | House |
| 16:11 | Age | Feudal Age |
| 16:12 | Build | Palisade Gate |
| 16:14 | Build | Palisade Gate |
| 16:19 | Build | Palisade Wall |
| 16:20 | Create | Villager (Male) |
| 16:21 | Build | Market |
| 17:00 | Create | Villager (Male) |
| 17:07 | Build | Blacksmith |
| 17:20 | Build | Palisade Gate |
| 17:21 | Build | House |
| 17:45 | Research | Castle Age |
| 18:29 | Research | Double-Bit Axe |
| 18:37 | Research | Gold Mining |
| 20:06 | Create | Villager (Male) |
| 20:25 | Age | Castle Age |
| 20:27 | Build | Siege Workshop |
| 20:34 | Build | Siege Workshop |
| 20:36 | Create | Villager (Male) |
| 20:47 | Build | House |
| 20:55 | Build | Monastery |
| 21:05 | Create | Villager (Male) |
| 21:09 | Build | Mining Camp |
| 21:11 | Create | Mangonel |
| 21:26 | Create | Villager (Male) |
| 21:29 | Build | Lumber Camp |
| 21:38 | Create | Mangonel |
| 21:44 | Create | Villager (Male) |
| 21:47 | Create | Monk |
| 21:59 | Create | Mangonel |
| 22:37 | Create | Mangonel |
| 22:37 | Create | Mangonel |
| 22:41 | Create | Villager (Male) |
| 22:42 | Create | Monk |
| 23:10 | Create | Villager (Male) |
| 23:11 | Create | Mangonel |
| 23:12 | Create | Mangonel |
| 23:14 | Build | House |
| 23:31 | Create | Scorpion |
| 23:31 | Create | Scorpion |
| 23:38 | Build | House |
| 23:58 | Create | Villager (Male) |
| 24:00 | Create | Monk |
| 24:05 | Create | Mangonel |
| 24:09 | Build | House |
| 24:25 | Build | House |
| 24:33 | Create | Mangonel |
| 24:57 | Create | Villager (Male) |
| 25:47 | Create | Villager (Male) |
| 25:54 | Create | Mangonel |
| 25:55 | Create | Mangonel |
Build order — Moneimon
First 150 of 369 actions detected
| 0:01 | Create | Villager (Male) |
| 0:01 | Create | Villager (Male) |
| 0:01 | Create | Villager (Male) |
| 0:01 | Create | Villager (Male) |
| 0:02 | Build | House |
| 0:03 | Build | House |
| 1:30 | Create | Villager (Male) |
| 1:49 | Build | Lumber Camp |
| 2:02 | Create | Villager (Male) |
| 2:28 | Create | Villager (Male) |
| 2:34 | Create | Villager (Male) |
| 3:05 | Create | Villager (Male) |
| 3:10 | Build | House |
| 3:32 | Create | Villager (Male) |
| 3:43 | Create | Villager (Male) |
| 4:30 | Create | Villager (Male) |
| 4:31 | Create | Villager (Male) |
| 5:27 | Create | Villager (Male) |
| 6:04 | Research | Feudal Age |
| 6:13 | Build | Mill |
| 6:50 | Build | House |
| 8:14 | Age | Feudal Age |
| 8:16 | Build | Stable |
| 8:18 | Research | Double-Bit Axe |
| 8:20 | Create | Villager (Male) |
| 8:34 | Create | Villager (Male) |
| 8:35 | Research | Horse Collar |
| 8:36 | Research | Horse Collar |
| 8:47 | Create | Villager (Male) |
| 8:54 | Build | House |
| 8:57 | Create | Scout Cavalry |
| 9:09 | Research | Loom |
| 9:18 | Create | Scout Cavalry |
| 9:21 | Build | Farm |
| 9:23 | Create | Villager (Male) |
| 9:37 | Create | Scout Cavalry |
| 9:39 | Create | Villager (Male) |
| 9:40 | Build | Farm |
| 9:55 | Build | House |
| 10:03 | Build | Farm |
| 10:08 | Create | Scout Cavalry |
| 10:27 | Create | Villager (Male) |
| 10:30 | Build | Farm |
| 10:31 | Build | House |
| 10:46 | Create | Villager (Male) |
| 10:52 | Build | Farm |
| 11:10 | Create | Villager (Male) |
| 11:12 | Build | Farm |
| 11:28 | Create | Scout Cavalry |
| 11:29 | Create | Villager (Male) |
| 11:32 | Build | Mining Camp |
| 11:45 | Create | Scout Cavalry |
| 11:50 | Build | Farm |
| 11:56 | Create | Scout Cavalry |
| 12:20 | Create | Villager (Male) |
| 12:22 | Build | Farm |
| 12:31 | Create | Scout Cavalry |
| 12:40 | Build | Farm |
| 12:46 | Create | Scout Cavalry |
| 12:50 | Create | Villager (Male) |
| 13:14 | Create | Villager (Male) |
| 13:15 | Build | Blacksmith |
| 13:20 | Create | Villager (Male) |
| 13:27 | Create | Scout Cavalry |
| 13:30 | Build | House |
| 13:44 | Create | Scout Cavalry |
| 13:57 | Create | Villager (Male) |
| 14:01 | Build | House |
| 14:10 | Research | Scale Barding Armor |
| 14:26 | Create | Villager (Male) |
| 14:30 | Build | Farm |
| 14:33 | Create | Villager (Male) |
| 14:36 | Build | Farm |
| 14:42 | Create | Scout Cavalry |
| 14:43 | Build | Farm |
| 14:58 | Build | Farm |
| 15:02 | Build | Farm |
| 15:09 | Research | Bloodlines |
| 15:21 | Create | Villager (Male) |
| 15:27 | Build | Farm |
| 15:34 | Create | Villager (Male) |
| 15:45 | Build | House |
| 15:49 | Create | Scout Cavalry |
| 16:04 | Create | Scout Cavalry |
| 16:22 | Create | Scout Cavalry |
| 16:26 | Create | Villager (Male) |
| 16:28 | Build | Stable |
| 16:31 | Create | Villager (Male) |
| 16:52 | Create | Villager (Male) |
| 16:55 | Build | Farm |
| 16:57 | Create | Scout Cavalry |
| 17:21 | Create | Scout Cavalry |
| 17:21 | Create | Scout Cavalry |
| 17:32 | Create | Villager (Male) |
| 17:34 | Build | Lumber Camp |
| 17:37 | Build | Farm |
| 17:45 | Research | Forging |
| 17:50 | Create | Villager (Male) |
| 18:03 | Build | House |
| 18:04 | Build | House |
| 18:08 | Create | Scout Cavalry |
| 18:13 | Build | Farm |
| 18:17 | Create | Scout Cavalry |
| 18:32 | Create | Villager (Male) |
| 18:35 | Build | Farm |
| 18:52 | Create | Scout Cavalry |
| 18:52 | Create | Scout Cavalry |
| 19:11 | Create | Villager (Male) |
| 19:13 | Build | Farm |
| 19:19 | Create | Scout Cavalry |
| 19:20 | Create | Scout Cavalry |
| 19:22 | Create | Villager (Male) |
| 19:27 | Build | Farm |
| 19:29 | Build | Farm |
| 19:31 | Build | Farm |
| 19:44 | Build | House |
| 19:44 | Build | House |
| 19:45 | Build | House |
| 20:04 | Create | Scout Cavalry |
| 20:04 | Create | Scout Cavalry |
| 20:06 | Create | Villager (Male) |
| 20:06 | Create | Villager (Male) |
| 20:20 | Build | Farm |
| 20:22 | Build | Farm |
| 20:30 | Build | Farm |
| 20:37 | Create | Scout Cavalry |
| 20:46 | Create | Scout Cavalry |
| 20:53 | Build | Farm |
| 20:55 | Create | Villager (Male) |
| 20:57 | Build | House |
| 20:58 | Build | House |
| 21:00 | Build | House |
| 21:02 | Create | Villager (Male) |
| 21:05 | Build | House |
| 21:58 | Build | House |
| 22:00 | Build | Lumber Camp |
| 22:10 | Build | Farm |
| 22:11 | Build | House |
| 22:15 | Research | Castle Age |
| 22:17 | Create | Scout Cavalry |
| 22:17 | Create | Scout Cavalry |
| 22:25 | Build | Farm |
| 22:26 | Build | Stable |
| 22:29 | Create | Scout Cavalry |
| 22:37 | Research | Gold Mining |
| 22:42 | Build | House |
| 22:44 | Build | House |
| 22:51 | Create | Scout Cavalry |
| 22:51 | Create | Scout Cavalry |
| 22:52 | Create | Villager (Male) |
Match timeline
| 2:02 | m0re · wall_segment Palisade Wall x1 |
| 2:03 | m0re · wall_segment Palisade Wall x1 |
| 2:04 | m0re · wall_segment Palisade Wall x1 |
| 2:05 | m0re · wall_segment Palisade Wall x1 |
| 3:07 | m0re · wall_segment Palisade Wall x1 |
| 3:08 | m0re · wall_segment Palisade Wall x1 |
| 3:08 | m0re · wall_segment Palisade Wall x1 |
| 3:09 | m0re · wall_segment Palisade Wall x1 |
| 3:29 | ELEOS | Danielsiii · wall_segment Palisade Wall x5 |
| 3:46 | m0re · wall_segment Palisade Wall x1 |
| 3:47 | m0re · wall_segment Palisade Wall x1 |
| 4:55 | ELEOS | Danielsiii · wall_segment Palisade Wall x1 |
| 4:56 | ELEOS | Danielsiii · wall_segment Palisade Wall x1 |
| 4:57 | ELEOS | Danielsiii · wall_segment Palisade Wall x1 |
| 4:57 | ELEOS | Danielsiii · wall_segment Palisade Wall x1 |
| 4:58 | ELEOS | Danielsiii · wall_segment Palisade Wall x1 |
| 4:58 | ELEOS | Danielsiii · wall_segment Palisade Wall x1 |
| 5:09 | m0re · wall_segment Palisade Wall x1 |
| 5:10 | m0re · wall_segment Palisade Wall x1 |
| 6:28 | m0re · wall_segment Palisade Wall x1 |
| 7:15 | m0re · wall_segment Palisade Wall x1 |
| 7:22 | m0re · wall_segment Palisade Wall x1 |
| 7:23 | m0re · wall_segment Palisade Wall x1 |
| 7:26 | m0re · wall_segment Palisade Wall x1 |
| 7:49 | ELEOS | ElNoniro · first_building Barracks |
| 8:07 | ELEOS | Xarkey · first_building Barracks |
| 8:14 | Moneimon · age_up feudal |
| 8:14 | [R1] Pume · first_building Barracks |
| 8:16 | Moneimon · first_building Stable |
| 8:25 | ELEOS | Xarkey · wall_segment Palisade Wall x1 |
| 8:25 | ELEOS | Danielsiii · wall_segment Palisade Wall x3 |
| 8:26 | ELEOS | Xarkey · wall_segment Palisade Wall x1 |
| 8:28 | ELEOS | Xarkey · wall_segment Palisade Wall x1 |
| 8:32 | ELEOS | ElNoniro · age_up feudal |
| 8:37 | ELEOS | ElNoniro · first_building Archery Range |
| 8:48 | ELEOS | Xarkey · wall_segment Palisade Wall x1 |
| 8:54 | [R1] Pume · age_up feudal |
| 9:06 | [R1] Pume · first_building Archery Range |
| 9:13 | ELEOS | Xarkey · age_up feudal |
| 9:15 | m0re · wall_segment Palisade Wall x2 |
| 9:16 | ELEOS | Xarkey · first_building Stable |
| 9:35 | m0re · wall_segment Palisade Wall x1 |
| 9:52 | m0re · wall_segment Palisade Wall x1 |
| 9:53 | m0re · wall_segment Palisade Wall x1 |
| 10:23 | ELEOS | Danielsiii · wall_segment Palisade Wall x4 |
| 10:25 | ELEOS | ElNoniro · wall_segment Palisade Wall x1 |
| 10:25 | ELEOS | ElNoniro · wall_segment Palisade Wall x1 |
| 10:37 | ELEOS | Danielsiii · wall_segment Palisade Wall x3 |
| 10:43 | ELEOS | Danielsiii · wall_segment Palisade Wall x4 |
| 10:59 | m0re · wall_segment Palisade Wall x2 |
| 11:00 | m0re · wall_segment Palisade Wall x2 |
| 11:02 | ELEOS | Danielsiii · wall_segment Palisade Wall x8 |
| 11:04 | m0re · wall_segment Palisade Wall x1 |
| 11:05 | m0re · wall_segment Palisade Wall x1 |
| 11:05 | m0re · wall_segment Palisade Wall x1 |
| 11:13 | m0re · wall_segment Palisade Wall x1 |
| 11:15 | m0re · wall_segment Palisade Wall x1 |
| 11:22 | ELEOS | ElNoniro · wall_segment Palisade Wall x1 |
| 11:23 | m0re · wall_segment Palisade Wall x1 |
| 11:23 | m0re · wall_segment Palisade Wall x1 |
| 11:24 | m0re · wall_segment Palisade Wall x1 |
| 11:24 | m0re · wall_segment Palisade Wall x1 |
| 11:25 | ELEOS | Danielsiii · first_building Barracks |
| 11:57 | ELEOS | Danielsiii · age_up feudal |
| 11:57 | [R1] Pume · wall_segment Palisade Wall x1 |
| 12:04 | ELEOS | Danielsiii · first_building Archery Range |
| 12:12 | m0re · wall_segment Palisade Wall x1 |
| 12:13 | m0re · wall_segment Palisade Wall x1 |
| 12:13 | m0re · wall_segment Palisade Wall x1 |
| 12:14 | m0re · wall_segment Palisade Wall x1 |
| 12:14 | m0re · wall_segment Palisade Wall x3 |
| 13:11 | m0re · wall_segment Palisade Wall x1 |
| 15:04 | ELEOS | Danielsiii · first_market_sell 500 stone |
| 15:05 | ELEOS | Danielsiii · first_market_buy 500 food |
| 15:45 | ELEOS | Danielsiii · wall_segment Palisade Wall x6 |
| 15:50 | ELEOS | Danielsiii · wall_segment Palisade Wall x4 |
| 15:51 | ELEOS | Danielsiii · wall_segment Palisade Wall x3 |
| 16:11 | m0re · age_up feudal |
| 16:19 | m0re · wall_segment Palisade Wall x1 |
| 17:02 | ELEOS | Xarkey · wall_segment Palisade Wall x5 |
| 17:37 | [R1] Pume · wall_segment Palisade Wall x2 |
| 17:38 | m0re · first_market_sell 100 stone |
| 17:38 | m0re · first_market_buy 100 food |
| 17:53 | ELEOS | ElNoniro · wall_segment Palisade Wall x1 |
| 17:55 | ELEOS | ElNoniro · wall_segment Palisade Wall x1 |
| 18:03 | [R1] Pume · wall_segment Palisade Wall x15 |
| 18:19 | [R1] Pume · wall_segment Palisade Wall x1 |
| 20:19 | [R1] Pume · age_up castle |
| 20:25 | m0re · age_up castle |
| 20:27 | m0re · first_building Siege Workshop |
| 20:55 | m0re · first_building Monastery |
| 21:36 | ELEOS | ElNoniro · first_market_buy 100 food |
| 21:41 | ELEOS | ElNoniro · first_market_sell 100 wood |
| 21:48 | ELEOS | Danielsiii · age_up castle |
| 22:10 | ELEOS | Danielsiii · wall_segment Palisade Wall x1 |
| 22:40 | [R1] Pume · first_market_buy 100 food |
| 23:08 | ELEOS | ElNoniro · wall_segment Palisade Wall x1 |
| 24:02 | ELEOS | Xarkey · wall_segment Palisade Wall x4 |
| 24:21 | ELEOS | ElNoniro · age_up castle |
| 24:55 | Moneimon · age_up castle |
| 25:00 | ELEOS | Xarkey · age_up castle |
| 26:59 | ELEOS | Danielsiii · wall_segment Stone Wall x1 |
| 27:13 | ELEOS | Danielsiii · wall_segment Stone Wall x1 |
| 28:07 | ELEOS | Xarkey · wall_segment Palisade Wall x1 |
| 28:48 | [R1] Pume · first_building Monastery |
| 29:12 | [R1] Pume · first_market_sell 100 food |
| 29:46 | ELEOS | Danielsiii · wall_segment Palisade Wall x1 |
| 30:32 | ELEOS | ElNoniro · first_building Siege Workshop |
| 30:48 | ELEOS | Danielsiii · wall_segment Stone Wall x4 |
| 32:35 | [R1] Pume · age_up imperial |
| 34:05 | ELEOS | Xarkey · wall_segment Palisade Wall x1 |
| 38:09 | [R1] Pume · first_building Castle |
| 38:17 | ELEOS | Danielsiii · resign |
[ AI ANALYSIS · 1 CREDIT ]
What really happened in this match?
Wolo.gg analyzes every decision: build order, eco, micro, common mistakes by bracket. Personalized analysis on WhatsApp or Discord in 30 seconds.
Civ guide
Magyars
Perfil
ELEOS | Xarkey